Description

CO-OP Chain of Ascension 规则:所有红点与第一波路径相同 若吉娜拉到达过前节点,则护卫队位置为右;若吉娜拉到达过节点2,则护卫队位置为中。(被推回去护卫队位置不会再改变)

Build Order

Get SALT Encoding   

  1  3:30  Action 红点 左或右  
  51  3:31  Bunker 左卫队   
  52  5:00  Bunker 卫队   
  2  7:00  Action BUG波次  
  53  7:01  Bunker 卫队   
  54  9:00  Bunker 卫队+强制触发混合体1  
  99  10:00  Cyclone 左下奖励1 持续6分  
  3  13:00  Action 红点   
  55  13:01  Bunker 卫队  
  56  14:00  Bunker 卫队  
  57  15:00  Bunker 卫队 强制触发混合体2  
  99  17:59  Cyclone 奖励2随机上下 持续6分  
  4  18:00  Action 红点  
  58  19:00  Bunker 卫队   
  59  20:00  Bunker 卫队  
  60  20:30  Bunker 卫队  
  61  21:30  Bunker 卫队  
  5  22:00  Action 左+右  
  62  22:30  Bunker 卫队  
  63  23:00  Bunker 卫队 强制触发混合体3  
  64  26:00  Bunker 卫队   
  65  26:30  Bunker 卫队   
  6  27:30  Action 左+右  
  66  27:31  Bunker 卫队   
  67  28:00  Bunker 卫队   
  68  29:00  Bunker 卫队   
  69  30:00  Bunker 卫队 强制触发混合体4  
  7  33:30  Action 左+右  
Spawning Tool Build Advisor. Get it on Overwolf

Go to:

Details

  • Created by: Arbalest
  • Published on: Jan 01, 2020
  • Modified on: Jan 01, 2020
  • Patch: 4.11.0
Show
View Real Time Build Order
Export as new Build Order

Comments (0)

There are no comments. Be the first!

Create an account to comment!